BSA
SAN FRANCISCO BANDITS @ BAFFIN ISLAND BEAVERS
07/21/2029
 
TOP OF THE 1ST
San Francisco Bandits batting - Pitching for Baffin Island Beavers : RHP Jesse Little
Pitching: RHP Jesse Little
Batting: RHB Javier Ramírez 0-0: Ball
1-0: Ball
2-0: Called Strike
2-1: Ground out 3-1 (Groundball, 34)
Batting: RHB Michael Elliott 0-0: Foul Ball, location: 2F
0-1: Called Strike
0-2: Ball
1-2: Foul Ball, location: 2F
1-2: Strikes out looking
Batting: LHB Mario García 0-0: Called Strike
0-1: Ball
1-1: Swinging Strike
1-2: Strikes out swinging
Top of the 1st over - 0 runs, 0 hits, 0 errors, 0 left on base; San Francisco 0 - Baffin Island 0
BOTTOM OF THE 1ST
Baffin Island Beavers batting - Pitching for San Francisco Bandits : RHP Al Bernhardt
Pitching: RHP Al Bernhardt
Batting: RHB Tomás Díaz 0-0: Foul Ball, location: 2F
0-1: Ball
1-1: Foul Ball, location: 2F
1-2: Ball
2-2: Ground out 6-3 (Groundball, 6)
Batting: LHB Norberto Muñóz 0-0: Ball
1-0: Foul Ball, location: 2F
1-1: Bunt missed!
1-2: SINGLE (Groundball, 34D)
Batting: RHB Dave Craig 0-0: Ball
Norberto Muñóz steals 2nd base
1-0: Called Strike
1-1: Ball
2-1: Foul Ball, location: 2F
2-2: Ball
3-2: Base on Balls
Batting: RHB Tony Morton 0-0: Grounds into double play, 5-4-3 (Groundball, 5)
Bottom of the 1st over - 0 runs, 1 hit, 0 errors, 1 left on base; San Francisco 0 - Baffin Island 0
TOP OF THE 2ND
San Francisco Bandits batting - Pitching for Baffin Island Beavers : RHP Jesse Little
Batting: LHB Chris Austin 0-0: Ball
1-0: Called Strike
1-1: Ball
2-1: Swinging Strike
2-2: Foul Ball, location: 2F
2-2: Ball
3-2: Strikes out swinging
Batting: RHB Owen Carter 0-0: Foul Ball, location: 2F
0-1: Ball
1-1: Foul Ball, location: 2F
1-2: Ball
2-2: Strikes out swinging
Batting: LHB Alan McGilroy 0-0: Called Strike
0-1: Ball
1-1: Ball
2-1: Ball
3-1: Foul Ball, location: 2F
3-2: Strikes out looking
Top of the 2nd over - 0 runs, 0 hits, 0 errors, 0 left on base; San Francisco 0 - Baffin Island 0
BOTTOM OF THE 2ND
Baffin Island Beavers batting - Pitching for San Francisco Bandits : RHP Al Bernhardt
Batting: LHB Howard Evans 0-0: DOUBLE (Flyball, 8RXD)
Batting: LHB Lorenzo Villa 0-0: Called Strike
0-1: Ball
1-1: Called Strike
1-2: SINGLE (Flyball, 78S)
Howard Evans to third
Runner from 3rd tries for Home, SAFE, no throw
Batting: LHB Eric Wheeler 0-0: Grounds into double play, 6-4-3 (Groundball, 6M)
Batting: RHB Alberto Hernández 0-0: Ball
1-0: Ball
2-0: Ball
3-0: Called Strike
3-1: Base on Balls
Batting: RHB Pedro Molina 0-0: Ball
1-0: SINGLE (Line Drive, 9S)
Alberto Hernández to second
Runner from 2nd tries for 3rd, SAFE, no throw
Batting: RHB Tomás Díaz 0-0: Called Strike
0-1: Swinging Strike
0-2: Ball
1-2: Fielders Choice at 2nd, 6-4 (Groundball, 6)
Bottom of the 2nd over - 1 run, 3 hits, 0 errors, 2 left on base; San Francisco 0 - Baffin Island 1
TOP OF THE 3RD
San Francisco Bandits batting - Pitching for Baffin Island Beavers : RHP Jesse Little
Batting: RHB Scott Merritt 0-0: Ball
1-0: SINGLE (Groundball, 4D)
Batting: RHB Jaime Spiridon 0-0: Ball
1-0: Ball
2-0: Called Strike
2-1: Fly out, F8 (Flyball, 78M)
Batting: SHB Terry Dailey 0-0: Ball
1-0: Called Strike
1-1: Ball
2-1: DOUBLE (Flyball, 8LXD)
Scott Merritt to third
Batting: RHB Javier Ramírez 0-0: Called Strike
0-1: Called Strike
0-2: Foul Ball, location: 2F
0-2: Hit by Pitch
Batting: RHB Michael Elliott 0-0: Called Strike
0-1: Swinging Strike
0-2: Strikes out swinging
Batting: LHB Mario García 0-0: Ball
1-0: Foul Ball, location: 2F
1-1: Ball
2-1: Foul Ball, location: 2F
2-2: Strikes out looking
Top of the 3rd over - 0 runs, 2 hits, 0 errors, 3 left on base; San Francisco 0 - Baffin Island 1
BOTTOM OF THE 3RD
Baffin Island Beavers batting - Pitching for San Francisco Bandits : RHP Al Bernhardt
Batting: LHB Norberto Muñóz 0-0: Foul Ball, location: 2F
0-1: SINGLE (Groundball, 4MD)
Batting: RHB Dave Craig 0-0: Called Strike
0-1: Grounds into double play, 4-6-3 (Groundball, 34)
Batting: RHB Tony Morton 0-0: Swinging Strike
0-1: Ball
1-1: Foul Ball, location: 2F
1-2: Fly out, F6 (Line Drive, 6)
Bottom of the 3rd over - 0 runs, 1 hit, 0 errors, 0 left on base; San Francisco 0 - Baffin Island 1
TOP OF THE 4TH
San Francisco Bandits batting - Pitching for Baffin Island Beavers : RHP Jesse Little
Batting: LHB Chris Austin 0-0: Ball
1-0: Swinging Strike
1-1: Ball
2-1: Called Strike
2-2: Strikes out looking
Batting: RHB Owen Carter 0-0: Called Strike
0-1: Ball
1-1: Called Strike
1-2: Strikes out swinging
Batting: LHB Alan McGilroy 0-0: Foul Ball, location: 2F
0-1: Ball
1-1: Ball
2-1: Foul Ball, location: 2F
2-2: Strikes out looking
Top of the 4th over - 0 runs, 0 hits, 0 errors, 0 left on base; San Francisco 0 - Baffin Island 1
BOTTOM OF THE 4TH
Baffin Island Beavers batting - Pitching for San Francisco Bandits : RHP Al Bernhardt
Batting: LHB Howard Evans 0-0: Fly out, F1 (Line Drive, 13S)
Batting: LHB Lorenzo Villa 0-0: Swinging Strike
0-1: Foul Ball, location: 2F
0-2: Ground out 1-3 (Groundball, 13)
Batting: LHB Eric Wheeler 0-0: Ball
1-0: Called Strike
1-1: Foul Ball, location: 2F
1-2: Foul Ball, location: 2F
1-2: Foul Ball, location: 2F
1-2: Ball
2-2: Foul Ball, location: 2F
2-2: Ball
3-2: Base on Balls
Batting: RHB Alberto Hernández 0-0: Ball
1-0: Called Strike
1-1: Ball
2-1: Foul Ball, location: 2F
2-2: Ball
3-2: Foul Ball, location: 2F
3-2: SINGLE (Groundball, 4D)
Eric Wheeler to second
Eric Wheeler to third
Batting: RHB Pedro Molina 0-0: Ball
1-0: Ball
2-0: Ball
3-0: Base on Balls
Alberto Hernández to second
Batting: RHB Tomás Díaz 0-0: Foul Ball, location: 2F
0-1: Ball
1-1: Called Strike
1-2: Ball
2-2: Strikes out swinging
Bottom of the 4th over - 0 runs, 1 hit, 0 errors, 3 left on base; San Francisco 0 - Baffin Island 1
TOP OF THE 5TH
San Francisco Bandits batting - Pitching for Baffin Island Beavers : RHP Jesse Little
Batting: RHB Scott Merritt 0-0: Foul Ball, location: 2F
0-1: Swinging Strike
0-2: Ball
1-2: Ground out 1-3 (Groundball, 13)
Batting: RHB Jaime Spiridon 0-0: Swinging Strike
0-1: Ball
1-1: Foul Ball, location: 2F
1-2: Strikes out swinging
Batting: SHB Terry Dailey 0-0: Called Strike
0-1: Ball
1-1: Fly out, F9 (Line Drive, 9D)
Top of the 5th over - 0 runs, 0 hits, 0 errors, 0 left on base; San Francisco 0 - Baffin Island 1
BOTTOM OF THE 5TH
Baffin Island Beavers batting - Pitching for San Francisco Bandits : RHP Al Bernhardt
Batting: LHB Norberto Muñóz 0-0: Ball
1-0: Called Strike
1-1: Ball
2-1: Ball
3-1: Base on Balls
Batting: RHB Dave Craig 0-0: Ball
1-0: Called Strike
Norberto Muñóz steals 2nd base
1-1: Fly out, F7 (Line Drive, 7LM)
Batting: RHB Tony Morton 0-0: Ball
1-0: Called Strike
1-1: Ground out 6-3 (Groundball, 6)
Norberto Muñóz to third
Batting: LHB Howard Evans 0-0: Ball
1-0: Swinging Strike
1-1: Swinging Strike
1-2: Strikes out swinging
Bottom of the 5th over - 0 runs, 0 hits, 0 errors, 1 left on base; San Francisco 0 - Baffin Island 1
TOP OF THE 6TH
San Francisco Bandits batting - Pitching for Baffin Island Beavers : RHP Jesse Little
Batting: RHB Javier Ramírez 0-0: Ball
1-0: Ball
2-0: Called Strike
2-1: Ball
3-1: Base on Balls
Batting: RHB Michael Elliott 0-0: Ball
1-0: Ball
2-0: Ball
3-0: Called Strike
3-1: Foul Ball, location: 2F
3-2: Base on Balls
Javier Ramírez to second
Batting: LHB Mario García 0-0: Called Strike
0-1: Ball
1-1: Ball
2-1: Ball
3-1: Base on Balls
Javier Ramírez to third
Michael Elliott to second
Batting: LHB Chris Austin 0-0: Ball
1-0: Called Strike
1-1: Called Strike
1-2: Strikes out swinging
Batting: RHB Owen Carter 0-0: Ball
1-0: Foul Ball, location: 2F
1-1: Ball
2-1: Called Strike
2-2: Ball
3-2: Strikes out swinging
Batting: LHB Alan McGilroy 0-0: Fly out, F8 (Line Drive, 8RM)
Top of the 6th over - 0 runs, 0 hits, 0 errors, 3 left on base; San Francisco 0 - Baffin Island 1
BOTTOM OF THE 6TH
Baffin Island Beavers batting - Pitching for San Francisco Bandits : RHP Al Bernhardt
Batting: LHB Lorenzo Villa 0-0: Ball
1-0: Called Strike
1-1: Called Strike
1-2: Ball
2-2: Foul Ball, location: 2F
2-2: Ball
3-2: Base on Balls
Pitching: RHP Bill Long
Batting: LHB Eric Wheeler 0-0: Foul Ball, location: 2F
0-1: Ball
1-1: Foul Ball, location: 2F
1-2: Ground out U3 (Groundball, 3)
Lorenzo Villa to second
Batting: RHB Alberto Hernández 0-0: Ground out 6-3 (Groundball, 6)
Batting: RHB Pedro Molina 0-0: Reached on error, E5 (Groundball, 5)
Lorenzo Villa to third
Batting: RHB Tomás Díaz 0-0: Ball
1-0: Fly out, F9 (Flyball, 9)
Bottom of the 6th over - 0 runs, 0 hits, 1 error, 2 left on base; San Francisco 0 - Baffin Island 1
TOP OF THE 7TH
San Francisco Bandits batting - Pitching for Baffin Island Beavers : RHP Jesse Little
Batting: RHB Scott Merritt 0-0: SINGLE (Line Drive, 6)
Batting: RHB Jaime Spiridon 0-0: Bunted foul
0-1: Sac Bunt - play at first, batter OUT! 1-4
Scott Merritt to second
Batting: SHB Terry Dailey 0-0: Foul Ball, location: 2F
0-1: Called Strike
0-2: Fly out, F9 (Flyball, 9S)
Batting: RHB Javier Ramírez 0-0: Ground out 4-3 (Groundball, 4)
Top of the 7th over - 0 runs, 1 hit, 0 errors, 1 left on base; San Francisco 0 - Baffin Island 1
BOTTOM OF THE 7TH
Baffin Island Beavers batting - Pitching for San Francisco Bandits : RHP Bill Long
Batting: LHB Norberto Muñóz 0-0: Ball
1-0: Ball
2-0: Called Strike
2-1: DOUBLE (Line Drive, 9LM)
Batting: RHB Dave Craig 0-0: Intentional Walk
Batting: RHB Tony Morton 0-0: Ball
1-0: Called Strike
1-1: Fly out, F7 (Flyball, 7D)
Batting: LHB Howard Evans 0-0: Ball
1-0: Grounds into double play, 6-4-3 (Groundball, 6M)
Bottom of the 7th over - 0 runs, 1 hit, 0 errors, 1 left on base; San Francisco 0 - Baffin Island 1
TOP OF THE 8TH
San Francisco Bandits batting - Pitching for Baffin Island Beavers : RHP Jesse Little
Pitching: RHP Beau Brown
Now at 1B: Jonathan MacVey
Batting: RHB Michael Elliott 0-0: Ball
1-0: Called Strike
1-1: Ground out U3 (Groundball, 3L)
Pitching: LHP Roberto Barrón
Batting: LHB Mario García 0-0: Called Strike
0-1: SINGLE (Groundball, 34S) (infield hit)
Batting: LHB Chris Austin 0-0: Called Strike
0-1: Grounds into double play, 6-4-3 (Groundball, 6)
Top of the 8th over - 0 runs, 1 hit, 0 errors, 0 left on base; San Francisco 0 - Baffin Island 1
BOTTOM OF THE 8TH
Baffin Island Beavers batting - Pitching for San Francisco Bandits : RHP Bill Long
Batting: RHB Jonathan MacVey 0-0: Ball
1-0: Ball
2-0: Fly out, F5 (Popup, 5F)
Batting: LHB Eric Wheeler 0-0: Ball
1-0: Swinging Strike
1-1: Ball
2-1: Ground out 4-3 (Groundball, 4)
Batting: RHB Alberto Hernández 0-0: Ball
1-0: Called Strike
1-1: Ball
2-1: Ground out 5-3 (Groundball, 56)
Bottom of the 8th over - 0 runs, 0 hits, 0 errors, 0 left on base; San Francisco 0 - Baffin Island 1
TOP OF THE 9TH
San Francisco Bandits batting - Pitching for Baffin Island Beavers : LHP Roberto Barrón
Pitching: RHP Tony Rocha
Batting: RHB Owen Carter 0-0: Swinging Strike
0-1: Ball
1-1: Ball
2-1: Swinging Strike
2-2: Strikes out swinging
Batting: LHB Alan McGilroy 0-0: Ball
1-0: Fly out, F5 (Popup, 5SF)
Pinch Hitting: LHB Anacleto Morillo 0-0: Called Strike
0-1: Foul Ball, location: 2F
0-2: Strikes out swinging
Top of the 9th over - 0 runs, 0 hits, 0 errors, 0 left on base; San Francisco 0 - Baffin Island 1
Saturday, December 16th, 2017 - OOTP Baseball 18.8 Build 76